 Dungeon Crawl Stone Soup version 0.18.1-6-gd335043 (webtiles) character file.

48 mopl the Sneak (level 3, -2/25 HPs)
             Began as a Vampire Transmuter on May 17, 2016.
             Slain by a gnoll
             ... wielding a +0 spear
              (4 damage)
             ... on level 1 of the Dungeon.
             The game lasted 00:02:34 (3175 turns).

mopl the Sneak (Vampire Transmuter)                 Turns: 3175, Time: 00:02:34

Health: -2/25      AC:  2    Str:  9    XL:     3   Next: 50%
Magic:  4/6        EV: 12    Int: 15    God:
Gold:   54         SH:  0    Dex: 15    Spells: 2 memorised, 3 levels left

rFire  . . .     SeeInvis +     e - +0 spear
rCold  + . .     Gourm    .     b - +0 robe
rNeg   + + .     Faith    .     (no shield)
rPois  +         Spirit   .     (no helmet)
rElec  .         Dismiss  .     (no cloak)
rCorr  .         Reflect  .     (no gloves)
SustAt .         Harm     .     (no boots)
MR     .....                    (no amulet)
Stlth  +++.......               (no ring)
                                (no ring)

@: regenerating slowly, not resistant to hostile enchantments, fairly stealthy
A: fangs 3, see invisible, unbreathing
a: Bat Form


You were on level 1 of the Dungeon.
You were very thirsty.

You visited 1 branch of the dungeon, and saw 2 of its levels.

You collected 54 gold pieces.

Inventory:

Hand Weapons
 e - a +0 spear (weapon)
 g - a +0 dagger
Missiles
 a - 42 arrows
Armour
 b - a +0 robe (worn)
Wands
 j - a wand of random effects (22/48)
Scrolls
 h - 3 scrolls of identify {unknown}
 l - a scroll of magic mapping {unknown}
Potions
 d - 4 potions of blood
 f - a potion of cure mutation {unknown}
 i - a potion of mutation {unknown}
 k - a potion of magic {unknown}
Books
 c - a book of Changes

   Spells                             Type                      Level
   a - Beastly Appendage              Transmutation                1
   b - Sticks to Snakes               Transmutation                2
   c - Spider Form                    Transmutation/Poison         3
   d - Ice Form                       Ice/Transmutation            4
   e - Blade Hands                    Transmutation                5


   Skills:
 - Level 0.8 Fighting
 + Level 0.9 Short Blades
 - Level 2.1 Dodging
 * Level 4.8 Stealth
 - Level 3.2 Unarmed Combat
 - Level 2.0 Spellcasting
 - Level 2.1 Transmutations


You had 3 spell levels left.
You knew the following spells:

 Your Spells              Type           Power        Failure   Level  Hunger
a - Beastly Appendage     Trmt           #.....       12%         1    #......
w - Sticks to Snakes      Trmt           #.......     14%         2    ###....


Dungeon Overview and Level Annotations

Branches:
Dungeon (2/15)

Altars:
Vehumet


Innate Abilities, Weirdness & Mutations

You heal slowly.
You have razor-sharp teeth.
You have supernaturally acute eyesight.
You can survive without breathing.


Message History

The gnoll hits you with a spear.
* * * LOW HITPOINT WARNING * * *
Your ball python bites the gnoll but does no damage.
Your ball python closely misses the gnoll.
You strike the helpless gnoll from a blind spot!
You bite the gnoll, and draw its blood!
You feel better.
You feel slightly less thirsty.
You hit the gnoll.
The gnoll is severely wounded.
Your ball python barely misses the gnoll.
Your ball python grabs the gnoll.
Your ball python constricts the gnoll.
The gnoll hits your ball python with a spear!
Your ball python dies!
You barely miss the gnoll.
The gnoll is severely wounded.
The gnoll hits you with a spear.
* * * LOW HITPOINT WARNING * * *
You closely miss the gnoll.
The gnoll is severely wounded.
The gnoll barely misses you. The gnoll hits you with a spear.
You die...

#≈.≈###'#..# #.# #.# #.##.
#≈⌠≈#...#♣.####.# #.# #.##.
#≈≈≈#...#♣.#..#.# #.# #.##.
#####...#♣⌠#....# #.# #.##.
####'######.#.####.# ##.##.
######..#...##..........# #.....
....##<.'.######.#.#########.....
################g#.......>...)...
### #....@###########.....
####.## ####### #..... #.....#
####### ###.## ##.#.#.###.....#
###### #.# ...[.......###.#
#....#######.# ##.#.#.##### #.#
#.##.........# #.....#
####.####.##########.# ###.###
#.........# #.#
#....####.##.###### #.#


You could see a gnoll.

Vanquished Creatures
  An adder (D:2)
  An ooze (D:1)
  A worm (D:2)
  2 giant cockroaches (D:1)
  2 hobgoblins (D:1)
  7 jackals
  A quokka (D:2)
  5 bats
  2 giant newts
  A goblin (D:2)
  2 kobolds (D:1)
  4 rats
29 creatures vanquished.

Vanquished Creatures (collateral kills)
  A giant cockroach (D:1)
  A hobgoblin (D:2)
  A jackal (D:1)
3 creatures vanquished.

Vanquished Creatures (others)
  A worm (D:2)
1 creature vanquished.

Grand Total: 33 creatures vanquished

Notes
Turn   | Place    | Note
--------------------------------------------------------------
     0 | D:1      | mopl the Vampire Transmuter began the quest for the Orb.
     0 | D:1      | Reached XP level 1. HP: 14/14 MP: 3/3
    30 | D:1      | Reached skill level 1 in Stealth
    37 | D:1      | Reached skill level 2 in Stealth
   477 | D:1      | Reached XP level 2. HP: 17/20 MP: 5/5
   481 | D:1      | Learned a level 2 spell: Sticks to Snakes
   493 | D:1      | Reached skill level 3 in Stealth
  1073 | D:2      | Reached skill level 4 in Stealth
  1358 | D:1      | Reached XP level 3. HP: 5/25 MP: 3/6
  2206 | D:2      | Found a radiant altar of Vehumet.
  2478 | D:1      | HP: 1/25 [giant cockroach (1)]
  3175 | D:1      | Slain by a gnoll

Skill      XL: |  1  2 |
---------------+-------+-----
Stealth        | 2 4 |  4.8
Fighting       | |  0.8
Short Blades   | |  0.9
Dodging        | |  2.1
Unarmed Combat | |  3.2
Spellcasting   | |  2.0
Transmutations | |  2.1

Action                   || total
-------------------------++-------
Melee: Unarmed           ||    27
       Spear             ||   108
       Bite              ||    13
       Punch             ||     2
 Cast: Sticks to Snakes  ||     5
  Use: Potion            ||     2
 Stab: Sleeping          ||     8
       Distracted        ||     1
Armor: Robe              ||    34
Dodge: Dodged            ||   113
